 Dungeon Crawl Stone Soup version 0.18.1-8-gdd0e5ea (console) character file.

20775 Kloppie the Carver (level 12, 0/117 HPs)
             Began as a Minotaur Gladiator on May 29, 2016.
             Was the Champion of Okawaru.
             Succumbed to a black mamba's poison
             ... on level 3 of the Lair of Beasts on May 31, 2016.
             The game lasted 00:27:46 (13735 turns).

Kloppie the Carver (Minotaur Gladiator)            Turns: 13735, Time: 00:27:46

Health: 0/117      AC: 19    Str: 20    XL:     12   Next: 48%
Magic:  16/16      EV: 15    Int:  5    God:    Okawaru [******]
Gold:   696        SH:  0    Dex: 16    Spells: 0 memorised, 11 levels left

rFire  + . .     SeeInvis +     a - +1 long sword
rCold  + . .     Gourm    .     r - +2 scale mail {rPois}
rNeg   + . .     Faith    .     (no shield)
rPois  +         Spirit   .     u - +2 hat
rElec  .         Dismiss  .     I - +1 cloak
rCorr  +         Reflect  .     C - +1 pair of gloves {archery}
SustAt .         Harm     .     i - +0 pair of boots "Morphop" {rF+ rC+ rCorr SInv}
MR     .....                    (no amulet)
Stlth  ..........               s - ring of positive energy
                                n - +3 ring of evasion

@: lethally poisoned (0 -> -13), not resistant to hostile enchantments,
extremely unstealthy
A: retaliatory headbutt, horns 2
a: Heroism, Finesse, Renounce Religion


You were on level 3 of the Lair of Beasts.
You worshipped Okawaru.
Okawaru was exalted by your worship.
You were not hungry.

You visited 2 branches of the dungeon, and saw 15 of its levels.

You collected 771 gold pieces.
You spent 75 gold pieces at shops.

Inventory:

Hand Weapons
 a - a +1 long sword (weapon)
 b - a +2 falchion of flaming
 O - a +2 triple sword of flaming
Missiles
 d - 3 throwing nets (quivered)
Armour
 i - the +0 pair of boots "Morphop" (worn) {rF+ rC+ rCorr SInv}
   (Okawaru gifted it to you on level 8 of the Dungeon)

   It protects you from fire.
   It protects you from cold.
   It lets you see invisible.
   It protects you from acid and corrosion.
 r - a +2 scale mail of poison resistance (worn)
 u - a +2 hat (worn)
 C - a +1 pair of gloves of archery (worn)
 I - a +1 cloak (worn)
Jewellery
 e - an uncursed ring of flight
 n - a +3 ring of evasion (left hand)
 q - an uncursed ring of positive energy
 s - a ring of positive energy (right hand)
 v - the ring "Muarruaw" {*Corrode rPois MR+ Str+5 Dex+3}
   (You found it on level 1 of the Lair of Beasts)

   [ring of protection from magic]

   It affects your strength (+5).
   It affects your dexterity (+3).
   It protects you from poison.
   It affects your resistance to hostile enchantments.
   It may corrode you when you take damage.
 x - an uncursed ring of poison resistance
 y - an uncursed amulet of dismissal
 F - the cursed ring "Vukh" {+Blink rC+ AC-2 Dex+4}
   (You found it on level 2 of the Lair of Beasts)

   [ring of protection]

   It affects your AC (-2).
   It affects your dexterity (+4).
   It protects you from cold.
   It lets you blink.
   It has a curse placed upon it.
Wands
 c - a wand of lightning (9/15)
 l - a wand of lightning (6/15)
 o - a wand of disintegration (22/24)
 B - a wand of enslavement (18/24)
 K - a wand of iceblast (11/15)
 M - a wand of slowing (14/48)
Scrolls
 g - 6 scrolls of remove curse
 k - 2 scrolls of recharging
 t - 3 scrolls of teleportation
 E - a scroll of blinking
Potions
 h - a potion of invisibility
 j - 2 potions of ambrosia
 m - 2 potions of agility
 p - 3 potions of heal wounds
 w - a potion of cancellation
 z - 10 potions of curing
 A - 2 potions of haste
 H - a potion of lignification
 J - a potion of flight {unknown}
 L - a potion of resistance {unknown}
 N - a potion of might
Books
 G - a book of the Earth

   Spells                             Type                      Level
   a - Leda's Liquefaction            Hexes/Earth                  4
   b - Bolt of Magma                  Conjuration/Fire/Earth       5
   c - Statue Form                    Transmutation/Earth          6
   d - Iron Shot                      Conjuration/Earth            6
   e - Shatter                        Earth                        9
Comestibles
 f - 10 bread rations
 D - 2 beef jerkies
 P - a slice of pizza
 Q - 2 chunks of flesh


   Skills:
 + Level 14.1 Fighting
 + Level 14.4 Long Blades
 - Level 2.0 Throwing
 + Level 11.2 Armour
 - Level 3.2 Dodging
 - Level 7.4 Invocations


You had 11 spell levels left.
You didn't know any spells.

Dungeon Overview and Level Annotations

Branches:
Dungeon (10/15)            Temple (0/1) D:7            Lair (5/8) D:10
  Swamp: Lair:3-6    Shoals: Lair:3-6     Snake: Lair:3-6    Spider: Lair:3-6
    Orc: D:9-12

Altars:
Dithmenos
Elyvilon
Fedhas
Gozag
Okawaru
Ru
Sif Muna
Trog
Zin
The Shining One

Shops:
D:5 *

Annotations:
Lair:2 exclusion: oklob plant


Innate Abilities, Weirdness & Mutations

You reflexively headbutt those who attack you in melee.
You have a pair of horns on your head.


Message History

* * * LOW HITPOINT WARNING * * *
You see here a yak corpse.
* * * LOW HITPOINT WARNING * * *
You feel sick.
The blink frog blinks!
The black mamba closely misses you.
Things that are here:
a river rat corpse; a yak corpse
* * * LOW HITPOINT WARNING * * *
You feel sick.
The black mamba bites you but does no damage.
* * * LOW HITPOINT WARNING * * *
You feel sick. The black mamba bites you.
* * * LOW HITPOINT WARNING * * *
There is a stone staircase leading up, spattered with blood here.
* * * LOW HITPOINT WARNING * * *
You feel sick. The black mamba completely misses you. You furiously retaliate!
You headbutt the black mamba, but do no damage.
The black mamba bites you.
* * * LOW HITPOINT WARNING * * *
You climb upwards.
You die...

##.................
#P.................
#..÷÷..............
##.................
#.................
#.................
#....†............
##....†............
#.@S..........÷....
#†##.#.............
######P.......÷....
#.............
#.............
##............ ####
#............
#..####............
#..................


You could see a black mamba.

Vanquished Creatures
  4 hydras
  The ghost of GordonOverkill the Basher, a novice FoAK of Lugonu (D:8)
  The ghost of GFox the Nimble, a novice MiMo (D:7)
  The ghost of Crag the Archer, a novice CeHu (D:6)
  2 black mambas
  Joseph (D:7)
  3 spiny frogs
  6 komodo dragons
  Grinder (D:6)
  6 blink frogs
  14 yaks
  A wyvern (D:9)
  3 vampire mosquitoes (D:9)
  3 basilisks
  6 hippogriffs
  A hungry ghost (D:8)
  A steam dragon (D:9)
  Menkaure (D:6)
  6 porcupines
  6 water moccasins
  3 sky beasts
  A wasp (D:10)
  3 ice beasts
  2 orc warriors
  3 black bears
  5 ogres
  2 phantoms
  3 centaurs
  8 wolves
  A crocodile (Lair:3)
  6 big kobolds
  Blork the orc (D:6)
  7 giant frogs
  4 scorpions
  7 killer bees
  4 wights (D:10)
  2 howler monkeys
  4 crimson imps
  A jelly (D:8)
  A wasp zombie (D:10)
  3 centaur skeletons
  2 giant frog skeletons (D:5)
  3 giant frog zombies
  3 orc priests
  4 hounds
  8 orc wizards
  6 iguanas
  Terence (D:2)
  5 worker ants
  7 sheep
  A hound zombie (D:5)
  A hound skeleton (D:10)
  12 adders
  3 gnolls (D:7)
  33 river rats
  4 shadow imps
  An ooze (D:4)
  An adder zombie (D:6)
  3 adder skeletons
  5 worms
  4 dart slugs
  3 giant geckos
  23 orcs
  7 bats
  5 giant cockroaches
  6 goblins
  4 hobgoblins
  13 jackals
  6 quokkas
  3 ball pythons (D:5)
  A ball python zombie (D:5)
  A giant gecko skeleton (D:4)
  2 giant gecko zombies (D:5)
  5 giant newts
  3 hobgoblin zombies (D:5)
  26 kobolds
  2 kobold skeletons (D:5)
  3 kobold zombies (D:5)
  An orc skeleton (D:5)
  An orc zombie (D:5)
  A quokka skeleton (D:5)
  2 quokka zombies
  8 rats
372 creatures vanquished.

Vanquished Creatures (others)
  2 fungi
  A plant (Lair:4)
3 creatures vanquished.

Grand Total: 375 creatures vanquished

Notes
Turn   | Place    | Note
--------------------------------------------------------------
     0 | D:1      | Kloppie the Minotaur Gladiator began the quest for the Orb.
     0 | D:1      | Reached XP level 1. HP: 18/18 MP: 0/0
   111 | D:1      | Reached XP level 2. HP: 8/25 MP: 1/1
   909 | D:2      | Found a blossoming altar of Fedhas.
   969 | D:2      | Found an iron altar of Okawaru.
   972 | D:2      | Became a worshipper of Warmaster Okawaru
  1033 | D:2      | Reached skill level 1 in Armour
  1033 | D:2      | Reached XP level 3. HP: 22/31 MP: 2/2
  1257 | D:2      | Noticed Terence
  1277 | D:2      | Killed Terence
  1277 | D:2      | Reached XP level 4. HP: 29/40 MP: 3/3
  1460 | D:2      | Found an opulent altar of Gozag.
  1482 | D:2      | Reached skill level 5 in Long Blades
  1561 | D:2      | You fall through a shaft!
  2150 | D:3      | Reached XP level 5. HP: 46/46 MP: 4/4
  2729 | D:4      | Noticed a phantom
  2737 | D:4      | Reached * piety under Okawaru
  2737 | D:4      | Reached skill level 5 in Fighting
  2737 | D:4      | Reached XP level 6. HP: 38/56 MP: 5/5
  3030 | D:4      | Reached XP level 7. HP: 59/62 MP: 6/6
  3095 | D:4      | Reached ** piety under Okawaru
  3110 | D:4      | Reached skill level 5 in Armour
  3410 | D:4      | Found a glowing silver altar of Zin.
  3464 | D:5      | Entered Level 5 of the Dungeon
  3750 | D:5      | Found a glowing golden altar of the Shining One.
  4070 | D:5      | Found Efirch's Assorted Antiques.
  4073 | D:5      | Bought a scroll of identify for 52 gold pieces
  4073 | D:5      | Bought a metallic emerald potion for 23 gold pieces
  4298 | D:5      | Reached XP level 8. HP: 52/73 MP: 7/7
  4519 | D:6      | Found a bloodstained altar of Trog.
  4521 | D:6      | Noticed Grinder
  4541 | D:6      | Reached *** piety under Okawaru
  4635 | D:6      | Killed Grinder
  4671 | D:6      | Noticed Menkaure
  4673 | D:6      | Noticed Crag's ghost (novice CeHu)
  4688 | D:6      | Killed Crag's ghost
  4688 | D:6      | Reached **** piety under Okawaru
  4688 | D:6      | Reached XP level 9. HP: 51/82 MP: 8/8
  4691 | D:6      | Killed Menkaure
  4903 | D:6      | Noticed Blork the orc
  4960 | D:6      | Killed Blork the orc
  5602 | D:7      | Noticed GFox's ghost (novice MiMo)
  5621 | D:7      | Killed GFox's ghost
  5621 | D:7      | Reached ***** piety under Okawaru
  5621 | D:7      | Reached skill level 10 in Long Blades
  5698 | D:7      | Found a shadowy altar of Dithmenos.
  5820 | D:7      | Reached skill level 10 in Fighting
  5820 | D:7      | Reached skill level 1 in Invocations
  6055 | D:7      | Noticed Joseph
  6174 | D:7      | Found a staircase to the Ecumenical Temple.
  6208 | D:7      | Killed Joseph
  6208 | D:7      | Reached XP level 10. HP: 61/93 MP: 10/10
  6598 | D:8      | Noticed GordonOverkill's ghost (novice FoAK)
  6624 | D:8      | Killed GordonOverkill's ghost
  6891 | D:8      | Received a gift from Okawaru
  6924 | D:8      | Got a pair of jewelled boots {god gift}
  6925 | D:8      | Identified the +0 pair of boots "Morphop" {rF+ rC+ rCorr SInv} (Okawaru gifted it to you on level 8 of the Dungeon)
  7233 | D:8      | Noticed a three-headed hydra
  7341 | D:8      | Killed a one-headed hydra
  7341 | D:8      | Reached skill level 5 in Invocations
  7775 | D:9      | Found a white marble altar of Elyvilon.
  7905 | D:9      | Found a sacrificial altar of Ru.
  7912 | D:9      | Found a bloodstained altar of Trog.
  7931 | D:9      | Found a deep blue altar of Sif Muna.
  8000 | D:9      | Reached XP level 11. HP: 81/104 MP: 14/14
  8185 | D:9      | Found a white marble altar of Elyvilon.
  8276 | D:10     | Entered Level 10 of the Dungeon
  9117 | D:10     | Found a staircase to the Lair.
  9369 | Lair:1   | Entered Level 1 of the Lair of Beasts
  9506 | Lair:1   | Received a gift from Okawaru
  9913 | Lair:1   | Noticed a six-headed hydra
  9914 | Lair:1   | Noticed a six-headed hydra
  9942 | Lair:1   | Killed a one-headed hydra
  9952 | Lair:1   | Killed a one-headed hydra
 10869 | Lair:1   | Got a brightly glowing bronze ring
 11134 | Lair:2   | Noticed a five-headed hydra
 11144 | Lair:2   | Killed a one-headed hydra
 11144 | Lair:2   | Reached skill level 10 in Armour
 11199 | Lair:2   | Reached ****** piety under Okawaru
 11241 | Lair:2   | Noticed an oklob plant
 11391 | Lair:2   | Identified the ring "Muarruaw" {*Corrode rPois MR+ Str+5 Dex+3} (You found it on level 1 of the Lair of Beasts)
 11490 | Lair:2   | Reached XP level 12. HP: 96/115 MP: 16/16
 11516 | Lair:2   | Found an opulent altar of Gozag.
 11633 | Lair:2   | Got a shimmering amber ring
 11634 | Lair:2   | Identified the cursed ring "Vukh" {+Blink rC+ AC-2 Dex+4} (You found it on level 2 of the Lair of Beasts)
 12642 | Lair:3   | Received a gift from Okawaru
 13402 | Lair:4   | Noticed an eight-headed hydra
 13734 | Lair:4   | HP: 5/117 [poisoned by a black mamba]
 13734 | Lair:4   | HP: 1/117 [black mamba (4)]
 13735 | Lair:3   | Succumbed to a black mamba's poison

Skill      XL: |  1  2  3  4  5  6  7  8  9 10 11 12 |
---------------+-------------------------------------+-----
Long Blades    | 4 5 6 7 9 10 12 13 14 | 14.4
Fighting       | 3 4 5 7 8 10 11 13 14 | 14.1
Armour         | 1 2 3 4 5 7 9 10 11 | 11.2
Invocations    | 2 5 7 |  7.4
Throwing       | |  2.0
Dodging        | |  3.2

Action                   |  1- 3 |  4- 6 |  7- 9 | 10-12 || total
-------------------------+-------+-------+-------+-------++-------
Melee: Long sword        |    71 |   132 |   300 |   436 ||   939
       Headbutt          |     8 |    31 |    65 |   145 ||   249
       Falchion          |       |       |       |   227 ||   227
       Triple sword      |       |       |       |    30 ||    30
Invok: Heroism           |       |       |       |     1 ||     1
Evoke: Wand              |       |     1 |       |       ||     1
  Use: Scroll            |       |       |    17 |    13 ||    30
       Potion            |       |       |     1 |       ||     1
  Eat: Chunk             |     1 |     6 |    10 |    13 ||    30
       Bread ration      |       |       |       |     2 ||     2
       Meat ration       |       |       |       |     1 ||     1
Armor: Leather armour    |     5 |       |       |       ||     5
       Scale mail        |    24 |    71 |   122 |   355 ||   572
Dodge: Dodged            |    51 |    87 |   143 |   465 ||   746
